[Event "Titled Tuesday Blitz August 15 Late 2023"]
[White "Villiers, Thomas"]
[Black "Navyblue1"]
[WhiteFideId "427209"]
[WhiteElo "2432"]
[BlackElo "2021"]
[Result "1-0"]
[Round "6"]
[TimeControl "180+1"]
[Date "2023.08.15"]
[WhiteClock "0:01:05"]
[BlackClock "0:00:11"]
[Board "120"]

1. d4 Nf6 2. Bg5 Ne4 3. Bf4 c5 4. e3 Qa5+ 5. c3 cxd4 6. exd4 d5 7. Nd2 Nxd2 8. Qxd2 Nc6 9. Nf3 Bf5 10. Be2 e6 11. O-O Be7 12. a4 O-O 13. b4 Qd8 14. a5 a6 15. Ne5 Nxe5 16. Bxe5 Bd6 17. Bxd6 Qxd6 18. Qg5 Rac8 19. Rfc1 Bg6 20. Qg3 Qxg3 21. hxg3 Rc7 22. b5 axb5 23. Bxb5 Rfc8 24. Ra3 h6 25. Kf1 Bf5 26. Ke2 Bg4+ 27. Kd2 Bf5 28. a6 bxa6 29. Bxa6 Rb8 30. Ra2 Ra7 31. Rca1 Rb6 32. Bd3 Rxa2+ 33. Rxa2 Bxd3 34. Kxd3 Rb1 35. Rc2 Kh7 36. c4 dxc4+ 37. Rxc4 Kg6 38. Ke4 Rg1 39. Kf3 Rd1 40. Ke2 Rg1 41. Kf3 Kf6 42. g4 Rb1 43. g3 Rb3+ 44. Kg2 Rd3 45. f4 Kg6 46. Kh3 h5 47. gxh5+ Kxh5 48. Rc7 Kg6 49. Rd7 Kf6 50. Kg4 Re3 51. d5 exd5 52. Rxd5 Re6 53. Ra5 Rc6 54. Rh5 g6 55. Ra5 Kg7 56. Kg5 Rf6 57. Rb5 Re6 58. Rb8 Rf6 59. Rg8+ Kxg8 60. Kxf6 Kf8 61. g4 Kg8 62. Ke7 Kg7 63. Ke8 f5 64. g5 Kg8 65. Ke7 Kg7 66. Ke6 Kh7 67. Kf7 Kh8 68. Kxg6 Kg8 69. Kxf5 Kf7 70. g6+ 1-0


[Site "https://www.chess.com"]

[Event "Titled Tuesday Blitz August 15 Late 2023"]
[White "Pinheiro, Iung Alicio de O."]
[Black "Danishcrown"]
[WhiteFideId "2104350"]
[WhiteElo "2587"]
[BlackElo "2066"]
[Result "1-0"]
[Round "6"]
[TimeControl "180+1"]
[Date "2023.08.15"]
[WhiteClock "0:00:09"]
[BlackClock "0:00:00"]
[Board "121"]

1. e4 c6 2. Nc3 d5 3. Nf3 dxe4 4. Nxe4 f6 5. d4 Bf5 6. Ng3 Bg6 7. Bc4 Nd7 8. Qe2 Qc7 9. h4 e5 10. h5 Bf7 11. dxe5 Nxe5 12. Bxf7+ Kxf7 13. Nxe5+ Qxe5 14. Qxe5 fxe5 15. Ne4 Be7 16. Be3 h6 17. Rd1 Nf6 18. Ng3 Ke6 19. c4 Rhd8 20. Ke2 Ng4 21. Ne4 Nxe3 22. Kxe3 c5 23. Rxd8 Rxd8 24. b3 Rd4 25. f3 Bg5+ 26. Ke2 Be7 27. Rh3 a6 28. Rg3 Kf7 29. Rg6 b5 30. cxb5 axb5 31. Rb6 b4 32. Rc6 Rd5 33. Rb6 Ke8 34. Rb7 Kd8 35. Nd2 Rd4 36. Nc4 Rh4 37. Rb8+ Kc7 38. Rg8 Rxh5 39. Rxg7 Kd8 40. Rg8+ Kd7 41. Rh8 Rh2 42. Kf2 Bh4+ 43. Kg1 Bg3 44. Rg8 Bf4 45. g3 Rxa2 46. gxf4 exf4 47. Rf8 Ra1+ 48. Kg2 Rb1 49. Rf7+ Ke6 50. Rxf4 Rxb3 51. Rh4 Rc3 52. Rxh6+ Kd5 53. Nb6+ Ke5 54. Rh5+ Kd6 55. Rh6+ 1-0


[Site "https://www.chess.com"]

[Event "Titled Tuesday Blitz August 15 Late 2023"]
[White "Jahnz, Fabian"]
[Black "Reprintsev, Alexander"]
[WhiteFideId "4653300"]
[BlackFideId "14100541"]
[WhiteElo "2343"]
[BlackElo "2490"]
[Result "0-1"]
[Round "6"]
[TimeControl "180+1"]
[Date "2023.08.15"]
[WhiteClock "0:00:11"]
[BlackClock "0:00:05"]
[Board "122"]

1. e4 d5 2. exd5 Qxd5 3. Nc3 Qd6 4. Nf3 c6 5. Bc4 Be6 6. Bxe6 Qxe6+ 7. Qe2 Qxe2+ 8. Kxe2 Nd7 9. d4 g6 10. Bf4 Bh6 11. Bxh6 Nxh6 12. h3 Nf5 13. g4 Nd6 14. Rad1 h5 15. b3 O-O-O 16. a4 f6 17. d5 cxd5 18. Nxd5 Rde8 19. Kf1 hxg4 20. Nd4 e5 21. Ne2 Nf5 22. Kg2 gxh3+ 23. Rxh3 Rxh3 24. Kxh3 Rh8+ 25. Kg2 Nh4+ 26. Kg3 f5 27. Rh1 g5 28. Ne7+ Kc7 29. Nd5+ Kd6 30. c4 Nc5 31. Nec3 Nxb3 32. Rb1 Nc5 33. Nb5+ Ke6 34. Nxa7 Ne4+ 35. Kh2 Nf3+ 36. Kg2 g4 37. Rb6+ Kf7 38. Rxb7+ Kg6 39. Kf1 Rh1+ 40. Ke2 Re1+ 41. Kd3 Rd1+ 42. Kc2 Rd2+ 43. Kb3 Rxf2 44. a5 Nd4+ 45. Ka4 Nc5+ 46. Ka3 Nxb7 47. a6 Nc5 48. Nc6 Nxa6 49. Nxe5+ Kg5 50. Nf7+ Kh4 51. Nd6 g3 52. c5 Nxc5 53. Kb4 Nce6 54. Nf6 g2 55. Nxf5+ Rxf5 56. Ne4 Rf4 57. Nd6 g1=Q 58. Nf5+ Nxf5+ 59. Kb5 Qb1+ 0-1


[Site "https://www.chess.com"]

[Event "Titled Tuesday Blitz August 15 Late 2023"]
[White "Harish, Neeraj"]
[Black "Bochnicka, Vladimir"]
[WhiteFideId "30958130"]
[BlackFideId "14943450"]
[WhiteElo "2324"]
[BlackElo "2461"]
[Result "1-0"]
[Round "6"]
[TimeControl "180+1"]
[Date "2023.08.15"]
[WhiteClock "0:00:02"]
[BlackClock "0:00:00"]
[Board "123"]

1. e4 e5 2. Nf3 Nc6 3. Bc4 Nf6 4. d3 h6 5. O-O Bc5 6. Re1 d6 7. c3 a6 8. a4 Ba7 9. Nbd2 O-O 10. Nf1 Ne7 11. Ng3 Ng6 12. d4 Re8 13. h3 c6 14. Bb3 Qc7 15. Bc2 Be6 16. Be3 Rad8 17. Qc1 Kh7 18. a5 Bc8 19. Ra4 Bd7 20. Ra3 Qc8 21. Kh2 c5 22. d5 Rf8 23. c4 Ng8 24. Nf5 Bb8 25. g4 N6e7 26. Rg1 Nxf5 27. gxf5 Nf6 28. Nh4 Bc7 29. Bd2 b6 30. axb6 Bxb6 31. Rag3 Rg8 32. Qd1 a5 33. Bc1 Qa8 34. f4 Rde8 35. fxe5 Rxe5 36. Bf4 Qe8 37. Bxe5 Qxe5 38. Nf3 Qxb2 39. e5 dxe5 40. Nd2 a4 41. Ne4 Nxe4 42. f6 g6 43. R3g2 Nc3 44. Qd3 Bf5 45. Qe3 Bxc2 46. Qxe5 a3 47. Qe7 Kh8 48. Qxf7 a2 49. Kh1 g5 50. Qh5 Kh7 51. f7 Rf8 52. Rxg5 Be4+ 53. R1g2 a1=Q+ 54. Kh2 Qd1 55. Rg7+ Kh8 56. Qxh6+ 1-0


[Site "https://www.chess.com"]

[Event "Titled Tuesday Blitz August 15 Late 2023"]
[White "Romero Ruscalleda, Josep"]
[Black "Cheer_Down"]
[WhiteFideId "2231859"]
[WhiteElo "2431"]
[BlackElo "2314"]
[Result "0-1"]
[Round "6"]
[TimeControl "180+1"]
[Date "2023.08.15"]
[WhiteClock "0:00:00"]
[BlackClock "0:00:30"]
[Board "124"]

1. e4 c5 2. c3 Nf6 3. e5 Nd5 4. Nf3 Nc6 5. Bc4 Nb6 6. Bb3 d5 7. exd6 Qxd6 8. O-O Be6 9. Re1 Bxb3 10. axb3 g6 11. Na3 Bg7 12. d3 O-O 13. Be3 Nd5 14. Bg5 f6 15. Bh4 e5 16. d4 exd4 17. Bg3 Qd7 18. cxd4 cxd4 19. Nxd4 Nxd4 20. Qxd4 f5 21. Be5 Bxe5 22. Rxe5 Nf6 23. Qc4+ Qf7 24. Re7 Qxc4 25. bxc4 Rf7 26. Rae1 Ne4 27. Rxf7 Kxf7 28. f3 Nc5 29. Nb5 a6 30. Nd6+ Kf6 31. b4 Nd3 32. Rd1 Nxb4 33. Nxb7 a5 34. Rb1 Nd3 35. c5 a4 36. c6 a3 37. Ra1 Ke6 38. Kf1 a2 0-1


[Site "https://www.chess.com"]

[Event "Titled Tuesday Blitz August 15 Late 2023"]
[White "Pesotskiy, Mikhail"]
[Black "Martinez, Shawn"]
[WhiteFideId "34164453"]
[BlackFideId "2039770"]
[WhiteElo "2423"]
[BlackElo "2314"]
[Result "1-0"]
[Round "6"]
[TimeControl "180+1"]
[Date "2023.08.15"]
[WhiteClock "0:00:12"]
[BlackClock "0:00:03"]
[Board "125"]

1. d4 g6 2. c4 Bg7 3. e4 b6 4. Nc3 Bb7 5. Be3 h6 6. Qd2 e6 7. Bd3 d6 8. f4 Nd7 9. Nf3 Ne7 10. O-O c5 11. d5 a6 12. Rae1 O-O 13. e5 dxe5 14. dxe6 fxe6 15. Nxe5 Nxe5 16. fxe5 g5 17. Rxf8+ Qxf8 18. Rf1 Qe8 19. Ne4 Bxe4 20. Bxe4 Rd8 21. Qe2 Bxe5 22. Bb1 Nf5 23. Bxc5 Bxh2+ 24. Kxh2 bxc5 25. g4 Nh4 26. Rf6 Rd6 27. Qe4 Qe7 28. Rxh6 Rd2+ 29. Kh3 Qd6 30. Qh7+ Kf8 31. Qh8+ Ke7 32. Rh7# 1-0


[Site "https://www.chess.com"]

[Event "Titled Tuesday Blitz August 15 Late 2023"]
[White "The_Straightforward_Rook"]
[Black "Saucey, Michel"]
[BlackFideId "601845"]
[WhiteElo "2416"]
[BlackElo "2263"]
[Result "1/2-1/2"]
[Round "6"]
[TimeControl "180+1"]
[Date "2023.08.15"]
[WhiteClock "0:00:43"]
[BlackClock "0:00:23"]
[Board "126"]

1. d4 d5 2. Nf3 e6 3. c4 Nf6 4. cxd5 exd5 5. Nc3 c6 6. Qc2 Be7 7. Bf4 O-O 8. h3 Na6 9. a3 Nc7 10. e3 Ne6 11. Bh2 g6 12. Bd3 Ng7 13. O-O Bf5 14. b4 Bxd3 15. Qxd3 a6 16. Na4 Nf5 17. Nc5 Qc8 18. Rfc1 Nd6 19. Ne5 b5 20. f3 Nc4 21. e4 Bxc5 22. dxc5 dxe4 23. fxe4 Nxe5 24. Bxe5 Qe6 25. Bxf6 Qxf6 26. Qd6 Qe6 27. Qxe6 fxe6 28. Rd1 Rf4 29. e5 a5 30. bxa5 Rxa5 31. Rd6 b4 32. Rxc6 bxa3 33. Rxe6 a2 34. Rb6 Rxc5 35. Rxa2 Rxe5 36. Rb7 Rf7 37. Ra8+ Kg7 38. Rxf7+ Kxf7 39. Ra7+ Re7 40. Ra6 Re6 41. Ra7+ Re7 42. Ra6 Re6 43. Ra7+ Re7 1/2-1/2


[Site "https://www.chess.com"]

[Event "Titled Tuesday Blitz August 15 Late 2023"]
[White "LuxLinster"]
[Black "financieru"]
[WhiteElo "2263"]
[BlackElo "2410"]
[Result "0-1"]
[Round "6"]
[TimeControl "180+1"]
[Date "2023.08.15"]
[WhiteClock "0:00:00"]
[BlackClock "0:00:41"]
[Board "127"]

1. d4 Nf6 2. c4 g6 3. Nc3 Bg7 4. e4 d6 5. f4 O-O 6. Nf3 c5 7. d5 e6 8. dxe6 Bxe6 9. Bd3 Bg4 10. O-O Nc6 11. h3 Bxf3 12. Qxf3 a6 13. Be3 Nd7 14. Rad1 Rb8 15. a4 Nd4 16. Qf2 Re8 17. Nd5 Nb6 18. f5 Nd7 19. f6 Bh8 20. Bf4 Nxf6 21. Bg5 Nf5 22. exf5 Nxd5 23. Bxd8 Bd4 24. cxd5 Bxf2+ 25. Rxf2 Rbxd8 26. fxg6 hxg6 27. Re2 Re5 28. Rxe5 dxe5 29. Bc4 f5 30. Kf2 Kg7 31. a5 Kf6 32. Rd3 Rd6 33. Rb3 e4 34. g3 Ke5 35. Rxb7 g5 36. Re7+ Kd4 37. b3 f4 38. gxf4 gxf4 39. Re6 Rd8 40. Rf6 f3 41. Rf4 Rg8 42. d6 Rg2+ 43. Kf1 Ke3 44. Rf7 Rd2 45. Ke1 Rxd6 46. Re7 Kf4 0-1


[Site "https://www.chess.com"]

[Event "Titled Tuesday Blitz August 15 Late 2023"]
[White "Schut, Han"]
[Black "Figorito, Nick"]
[WhiteFideId "1005561"]
[BlackFideId "30923689"]
[WhiteElo "2241"]
[BlackElo "2398"]
[Result "0-1"]
[Round "6"]
[TimeControl "180+1"]
[Date "2023.08.15"]
[WhiteClock "0:00:00"]
[BlackClock "0:00:10"]
[Board "128"]

1. e4 e6 2. d4 d5 3. e5 c6 4. f4 Ne7 5. Nf3 g6 6. Bd3 Bg7 7. O-O h5 8. c3 b6 9. Be3 Ba6 10. Bxa6 Nxa6 11. Nbd2 Nb8 12. h3 Nd7 13. g4 hxg4 14. hxg4 c5 15. Kg2 Qc7 16. Rh1 O-O-O 17. Rxh8 Rxh8 18. Qe2 c4 19. Rh1 Rxh1 20. Kxh1 b5 21. Ng5 Nc6 22. Nxf7 Nb6 23. Nd6+ Kb8 24. Qh2 a6 25. Qh7 Na4 26. Qxg6 Qe7 27. Bf2 Nxb2 28. f5 exf5 29. gxf5 Nxe5 30. dxe5 Bxe5 31. Qe8+ Qxe8 32. Nxe8 Bxc3 33. f6 Bxd2 34. f7 Bh6 35. Be3 Bf8 36. Bd4 b4 37. Bxb2 c3 38. Bc1 d4 39. Nf6 d3 40. Nd7+ Kb7 41. Nxf8 d2 42. Bxd2 cxd2 43. Ne6 d1=Q+ 44. Kg2 Qg4+ 45. Kh1 Qh5+ 46. Kg2 Qg6+ 47. Kh1 Qxe6 48. f8=Q Qe1+ 49. Kg2 Qd2+ 50. Kf1 Qd3+ 51. Ke1 Qc3+ 52. Kf1 Kb6 53. Qd6+ Kb5 54. Qd8 Qc4+ 55. Ke1 Qc3+ 56. Kf1 Qc5 57. Qb8+ Qb6 58. Qe5+ Ka4 0-1


[Site "https://www.chess.com"]

[Event "Titled Tuesday Blitz August 15 Late 2023"]
[White "Fernandez Bustamante, Leancy B."]
[Black "Kielinkei"]
[WhiteFideId "3523870"]
[WhiteElo "2236"]
[BlackElo "2396"]
[Result "0-1"]
[Round "6"]
[TimeControl "180+1"]
[Date "2023.08.15"]
[WhiteClock "0:00:56"]
[BlackClock "0:01:05"]
[Board "129"]

1. e4 d6 2. d4 Nf6 3. Nc3 Nbd7 4. Nf3 e5 5. Be2 Be7 6. Bg5 c6 7. Qd2 h6 8. Bh4 Qc7 9. O-O-O O-O 10. g4 exd4 11. Nxd4 Nc5 12. Bxf6 Bxf6 13. Nf5 Bxf5 14. gxf5 Bxc3 15. Qxc3 Nxe4 16. Qd4 d5 17. Rhg1 f6 18. Kb1 Qb6 19. Qa4 Nc3+ 0-1


[Site "https://www.chess.com"]

[Event "Titled Tuesday Blitz August 15 Late 2023"]
[White "KorolDimitriy75"]
[Black "Sarkar, Justin"]
[BlackFideId "2010011"]
[WhiteElo "2394"]
[BlackElo "2227"]
[Result "1/2-1/2"]
[Round "6"]
[TimeControl "180+1"]
[Date "2023.08.15"]
[WhiteClock "0:00:07"]
[BlackClock "0:00:04"]
[Board "130"]

1. d4 Nf6 2. c4 e6 3. Nc3 Bb4 4. Qc2 d5 5. cxd5 exd5 6. Bg5 h6 7. Bxf6 Qxf6 8. a3 Ba5 9. b4 Bb6 10. e3 Be6 11. Bd3 a5 12. Rb1 axb4 13. axb4 O-O 14. Nge2 Nc6 15. O-O Ne7 16. Na4 Nf5 17. Nxb6 cxb6 18. Qc7 Nh4 19. Qxb6 Nxg2 20. Qd6 Nh4 21. Qf4 Bf5 22. Bxf5 Nxf5 23. Ng3 Nxg3 24. hxg3 Qxf4 25. gxf4 Rfc8 26. Rfc1 Rxc1+ 27. Rxc1 Ra4 28. Rc5 Rxb4 29. Rxd5 Kf8 30. Rd7 Ke8 31. Rc7 b5 32. Rb7 Rb1+ 33. Kg2 b4 34. e4 b3 35. d5 b2 36. d6 Rd1 37. Rxb2 Rxd6 38. e5 Rd4 39. Kf3 g5 40. fxg5 hxg5 41. Rb5 Rf4+ 42. Ke3 Ke7 43. Rb6 Rf5 44. Rb5 Ke6 45. Ke4 Rxf2 46. Rb6+ Ke7 47. Rb7+ Ke6 48. Rb6+ Ke7 49. Rb7+ Ke6 50. Rb6+ 1/2-1/2


[Site "https://www.chess.com"]

[Event "Titled Tuesday Blitz August 15 Late 2023"]
[White "Verony64"]
[Black "Bryant, Todd"]
[BlackFideId "2031299"]
[WhiteElo "2171"]
[BlackElo "2363"]
[Result "0-1"]
[Round "6"]
[TimeControl "180+1"]
[Date "2023.08.15"]
[WhiteClock "0:01:16"]
[BlackClock "0:00:31"]
[Board "131"]

1. e4 c5 2. Nc3 d6 3. d3 g6 4. g3 Bg7 5. Bg2 Nc6 6. f4 Rb8 7. Nf3 b5 8. O-O b4 9. Ne2 a5 10. g4 Bxg4 11. Ng3 a4 12. a3 bxa3 13. Rxa3 Bxb2 14. Bxb2 Rxb2 15. Rxa4 Nd4 16. Qa1 Rb8 17. Nxd4 cxd4 18. Qxd4 Nf6 19. e5 dxe5 20. Bc6+ Bd7 21. Bxd7+ Qxd7 22. Qxe5 O-O 23. Re1 Qxa4 24. Qxe7 Qxf4 25. Rf1 Qd4+ 26. Kg2 Nd5 27. Qg5 Ne3+ 0-1


[Site "https://www.chess.com"]

[Event "Titled Tuesday Blitz August 15 Late 2023"]
[White "Bogaudinov, Rushan"]
[Black "Hartikainen, Jarmo"]
[WhiteFideId "4129288"]
[BlackFideId "503134"]
[WhiteElo "2346"]
[BlackElo "2118"]
[Result "1-0"]
[Round "6"]
[TimeControl "180+1"]
[Date "2023.08.15"]
[WhiteClock "0:01:27"]
[BlackClock "0:00:02"]
[Board "132"]

1. c4 c5 2. d4 d5 3. cxd5 Qxd5 4. dxc5 Qxd1+ 5. Kxd1 Nc6 6. Be3 e5 7. f3 Be6 8. Nc3 a6 9. a3 O-O-O+ 10. Kc1 Na5 11. Kc2 Bf5+ 12. Ne4 Nf6 13. b4 Nxe4 14. fxe4 Bxe4+ 15. Kc3 Nc6 16. Nf3 g6 17. g3 Bg7 18. Bh3+ Kb8 19. Rad1 Bxf3 20. exf3 e4+ 21. Kc2 exf3 22. Bg4 Rhe8 23. Rxd8+ Rxd8 24. Bxf3 Ne5 25. Bf4 Ka7 26. Be2 Nc6 27. Bc4 Nd4+ 28. Kc1 f6 29. Re1 g5 30. Bd2 Rd7 31. Re8 h6 32. a4 f5 33. b5 axb5 34. axb5 Nf3 35. b6# 1-0


[Site "https://www.chess.com"]

[Event "Titled Tuesday Blitz August 15 Late 2023"]
[White "Vila Dupla, Aurelio"]
[Black "Cnejev, Vladimir-Alexandru"]
[WhiteFideId "2203383"]
[BlackFideId "1260898"]
[WhiteElo "2133"]
[BlackElo "2559"]
[Result "0-1"]
[Round "6"]
[TimeControl "180+1"]
[Date "2023.08.15"]
[WhiteClock "0:00:16"]
[BlackClock "0:00:13"]
[Board "133"]

1. Nf3 g6 2. d4 Bg7 3. c4 b6 4. g3 Bb7 5. Bg2 e6 6. O-O Ne7 7. Nc3 d6 8. e4 Nd7 9. Re1 O-O 10. e5 dxe5 11. dxe5 h6 12. h4 Nc6 13. Bf4 Qe7 14. Qd2 Kh7 15. Rad1 Rfd8 16. Qc1 Rab8 17. Qe3 a6 18. b3 Qc5 19. Qe2 Ba8 20. Ne4 Qe7 21. Nf6+ Nxf6 22. exf6 Bxf6 23. Bxh6 Kxh6 24. Qe3+ Kg7 25. Ng5 Nd4 26. Bxa8 Rxa8 27. Ne4 Nc2 28. Qe2 Nxe1 29. Rxe1 Rd4 30. Nxf6 Qxf6 31. Qf3 Rad8 32. Qc6 Qe7 33. Re5 Rd1+ 34. Kg2 Qf6 35. Qxc7 R8d2 0-1


[Site "https://www.chess.com"]

[Event "Titled Tuesday Blitz August 15 Late 2023"]
[White "Gamayev, Oleg"]
[Black "Ai, Evan"]
[WhiteFideId "2802813"]
[BlackFideId "2094770"]
[WhiteElo "2557"]
[BlackElo "2263"]
[Result "1-0"]
[Round "6"]
[TimeControl "180+1"]
[Date "2023.08.15"]
[WhiteClock "0:02:50"]
[BlackClock "0:00:09"]
[Board "134"]

1. d3 d5 2. e4 dxe4 3. dxe4 Qxd1+ 4. Kxd1 Nf6 5. f3 e5 6. Nd2 Be6 7. c3 Nbd7 8. Bc4 Bxc4 9. Nxc4 O-O-O 10. Kc2 h6 11. a4 a6 12. Ne2 Bc5 13. b4 Be7 14. Be3 b6 15. Rhd1 Kb7 16. Rd2 Rhe8 17. Rad1 Kc8 18. Nc1 Ng8 19. Nd3 f6 20. Nc1 Nb8 21. Rxd8+ Rxd8 22. Rxd8+ Kxd8 23. Nb3 Kd7 24. Nb2 Ke6 25. Nd3 Bd6 26. h3 Ne7 27. b5 axb5 28. axb5 Nd7 29. Nd2 c6 30. bxc6 Nxc6 31. Nc4 Bc7 32. Kb3 b5 33. Na3 Na5+ 34. Kc2 Nc4 35. Nxc4 bxc4 36. Nb2 f5 37. Nxc4 fxe4 38. fxe4 Nf6 39. Kd3 Ng8 40. Nd2 g5 41. Nf3 Nf6 42. Nh2 Bd8 43. Ng4 Nxg4 44. hxg4 Kf6 45. Kc4 Kg6 46. Kd5 h5 47. gxh5+ Kxh5 48. Kxe5 Kg4 49. c4 Kg3 50. Kf5 Kxg2 51. Bxg5 Bb6 52. Be7 Kf3 53. Bd6 Ke3 54. c5 Bd8 55. c6 1-0


[Site "https://www.chess.com"]

[Event "Titled Tuesday Blitz August 15 Late 2023"]
[White "Graif, William"]
[Black "Vaglio Munoz, Jaime"]
[WhiteFideId "2609835"]
[BlackFideId "6500145"]
[WhiteElo "2541"]
[BlackElo "2241"]
[Result "1-0"]
[Round "6"]
[TimeControl "180+1"]
[Date "2023.08.15"]
[WhiteClock "0:00:08"]
[BlackClock "0:00:39"]
[Board "135"]

1. e4 c5 2. Nc3 Qa5 3. f4 a6 4. Nf3 b5 5. g3 Bb7 6. d3 e6 7. Bg2 b4 8. Ne2 d5 9. O-O Nf6 10. e5 Nfd7 11. f5 Nc6 12. fxe6 fxe6 13. Nf4 Nd8 14. Ng5 Qb6 15. Qh5+ g6 16. Nxg6 hxg6 17. Qxh8 Nc6 18. Nxe6 Ncxe5 19. Nxf8 O-O-O 20. Nxd7 Nxd7 21. Qg7 c4+ 22. d4 Qe6 23. Bg5 Rg8 24. Qf7 Qxf7 25. Rxf7 Bc6 26. Bh3 Kc7 27. Re1 b3 28. axb3 cxb3 29. cxb3 Kb6 30. Bxd7 Bb7 31. Be6 Rb8 32. Bf4 Ra8 33. Rxb7+ Ka5 34. Bd2# 1-0


[Site "https://www.chess.com"]

[Event "Titled Tuesday Blitz August 15 Late 2023"]
[White "tomobeast"]
[Black "Musovic, Armin"]
[BlackFideId "939935"]
[WhiteElo "2232"]
[BlackElo "2526"]
[Result "0-1"]
[Round "6"]
[TimeControl "180+1"]
[Date "2023.08.15"]
[WhiteClock "0:02:40"]
[BlackClock "0:02:52"]
[Board "136"]

1. e4 c6 2. d4 d5 3. f3 Nf6 4. e5 Ng8 5. f4 c5 6. Nf3 Nc6 7. c3 a6 8. Bd3 Bg4 9. h3 Bxf3 10. Qxf3 cxd4 11. O-O e6 12. f5 Nxe5 13. Qe2 Nxd3 14. Qxd3 e5 15. cxd4 e4 16. Qg3 Nf6 17. Bg5 h6 18. Bf4 Nh5 19. Qh2 Nxf4 20. Qxf4 Bd6 21. Qd2 Qg5 22. Qa5 Qe3+ 23. Kh1 Qg3 24. Kg1 Qh2+ 25. Kf2 Bg3+ 26. Ke2 Qxg2+ 27. Kd1 Qxf1+ 28. Kd2 Be1+ 0-1


[Site "https://www.chess.com"]

[Event "Titled Tuesday Blitz August 15 Late 2023"]
[White "Womacka, Mathias"]
[Black "Osmonbekov, Talaibek"]
[WhiteFideId "4611390"]
[BlackFideId "2017253"]
[WhiteElo "2462"]
[BlackElo "2203"]
[Result "0-1"]
[Round "6"]
[TimeControl "180+1"]
[Date "2023.08.15"]
[WhiteClock "0:00:14"]
[BlackClock "0:00:25"]
[Board "137"]

1. e4 c5 2. Nf3 d6 3. d4 cxd4 4. Nxd4 Nf6 5. Nc3 g6 6. Be3 Bg7 7. f3 O-O 8. Qd2 Nc6 9. O-O-O d5 10. exd5 Nxd5 11. Nxc6 bxc6 12. Bd4 Bxd4 13. Qxd4 Qb6 14. Na4 Qa5 15. b3 Rb8 16. Bc4 Be6 17. Qc5 Qc7 18. Bxd5 Bxd5 19. Rxd5 Rb5 20. Qxb5 cxb5 21. Rxb5 Rc8 22. c4 e6 23. h4 a6 24. Rb6 Qf4+ 25. Kb1 a5 26. h5 Qd2 27. hxg6 hxg6 28. Rb7 Rd8 29. Nc5 Qxg2 30. Rc1 Qxf3 31. Rc7 Qf5+ 32. Kb2 Qe5+ 0-1


[Site "https://www.chess.com"]

[Event "Titled Tuesday Blitz August 15 Late 2023"]
[White "Rangel, Daniel"]
[Black "olackza"]
[WhiteFideId "2124475"]
[WhiteElo "2409"]
[BlackElo "2201"]
[Result "1-0"]
[Round "6"]
[TimeControl "180+1"]
[Date "2023.08.15"]
[WhiteClock "0:00:40"]
[BlackClock "0:00:00"]
[Board "138"]

1. c4 e5 2. e3 Nf6 3. b3 c6 4. Bb2 d6 5. c5 Nbd7 6. cxd6 Bxd6 7. Na3 O-O 8. Nc4 Bc7 9. Nf3 Re8 10. Qc2 b5 11. Na3 Bb7 12. h4 a6 13. Ng5 h6 14. Ne4 Nxe4 15. Qxe4 Nf6 16. Qf5 c5 17. Bd3 Bc8 18. Qf3 Qxd3 19. Qxa8 Bg4 20. Qxe8+ Nxe8 21. f3 Be6 22. Rc1 e4 23. Rxc5 Bg3+ 24. Kd1 exf3 25. gxf3 Nf6 26. Bxf6 gxf6 27. Rg1 Qd6 28. d4 Kh7 29. Nc2 Bxh4 30. Rg2 Bg5 31. f4 Bh3 32. Rh2 Bg4+ 33. Kd2 b4 34. Rh1 h5 35. fxg5 fxg5 36. Rxg5 Qg3 37. Rhxh5+ Bxh5 38. Rxg3 Bg6 39. Nxb4 Kg7 40. Nxa6 1-0


[Site "https://www.chess.com"]

[Event "Titled Tuesday Blitz August 15 Late 2023"]
[White "Petersson, Kjell"]
[Black "Labussiere, Yago"]
[WhiteFideId "1705148"]
[BlackFideId "2186969"]
[WhiteElo "2182"]
[BlackElo "2364"]
[Result "0-1"]
[Round "6"]
[TimeControl "180+1"]
[Date "2023.08.15"]
[WhiteClock "0:00:06"]
[BlackClock "0:00:27"]
[Board "139"]

1. d4 Nf6 2. Bf4 g6 3. Nc3 d5 4. e3 Bg7 5. Nb5 Na6 6. Nc3 Nb8 7. Nb5 Na6 8. Nc3 O-O 9. Bxa6 bxa6 10. Be5 a5 11. h4 h5 12. f3 Rb8 13. b3 Ne8 14. Bxg7 Nxg7 15. g4 Qd6 16. Rh3 Qe6 17. Qe2 hxg4 18. Rh1 c6 19. O-O-O Nh5 20. Qe1 Qf6 21. fxg4 Bxg4 22. Rd2 e5 23. Rf2 Qe7 24. Nge2 Rbe8 25. Rg1 exd4 26. Rxg4 d3 27. Nf4 Nxf4 28. Rgxf4 Qxe3+ 29. Qxe3 Rxe3 30. cxd3 Rxd3 31. Kc2 Rh3 32. Na4 Re8 33. Nc5 f5 34. Kb2 Ree3 35. Kc2 Re1 36. Nd7 Kf7 37. Nc5 Reh1 38. Ra4 R1h2 39. Rxh2 Rxh2+ 40. Kd3 Rh3+ 41. Ke2 Rh2+ 42. Kf3 Ke7 43. Nd3 Kd6 44. Nf2 g5 45. Kg3 Rxh4 46. Rxh4 gxh4+ 47. Kxh4 Ke5 48. Kg5 d4 49. Nd3+ Ke4 50. Nc1 d3 51. Nxd3 Kxd3 52. Kxf5 Kc3 53. Ke4 Kb2 54. Kd4 Kxa2 55. Kc3 Ka3 56. Kc4 Kb2 57. Kc5 Kxb3 58. Kxc6 a4 59. Kc5 a3 60. Kd4 a2 61. Kd3 a1=Q 62. Kd2 a5 0-1


[Site "https://www.chess.com"]

[Event "Titled Tuesday Blitz August 15 Late 2023"]
[White "Vifleemskaia, Svetlana"]
[Black "Quispe Santacruz, Javier"]
[WhiteFideId "4129490"]
[BlackFideId "3800920"]
[WhiteElo "2361"]
[BlackElo "2156"]
[Result "1-0"]
[Round "6"]
[TimeControl "180+1"]
[Date "2023.08.15"]
[WhiteClock "0:00:26"]
[BlackClock "0:00:20"]
[Board "140"]

1. d4 d5 2. c4 c6 3. cxd5 cxd5 4. Bf4 Nf6 5. e3 Nc6 6. Nc3 a6 7. Bd3 g6 8. Nf3 Bg7 9. h3 O-O 10. O-O b5 11. Rc1 Bb7 12. Ne5 Rc8 13. Nxc6 Bxc6 14. b3 b4 15. Na4 Bxa4 16. bxa4 Rxc1 17. Qxc1 a5 18. Qc5 Qa8 19. Rc1 e6 20. f3 Rd8 21. Bb5 Bf8 22. Qb6 Rc8 23. Rc6 Nd7 24. Rxc8 Qxc8 25. Qc7 Qxc7 26. Bxc7 Bh6 27. Kf2 Bf8 28. Bxa5 Nf6 29. Bc7 g5 30. a5 h5 31. a6 g4 32. a7 1-0


[Site "https://www.chess.com"]

[Event "Titled Tuesday Blitz August 15 Late 2023"]
[White "Ottosen, David"]
[Black "rionelG"]
[WhiteFideId "2603080"]
[WhiteElo "2121"]
[BlackElo "2360"]
[Result "1-0"]
[Round "6"]
[TimeControl "180+1"]
[Date "2023.08.15"]
[WhiteClock "0:01:56"]
[BlackClock "0:00:00"]
[Board "141"]

1. e4 c5 2. Nf3 d6 3. d4 cxd4 4. Nxd4 Nf6 5. Nc3 a6 6. Be3 e5 7. Nb3 Be7 8. Qd2 Be6 9. f4 Qc7 10. f5 Bc4 11. Rg1 b5 12. Bd3 Ng4 13. h3 Nxe3 14. Qxe3 h6 15. Bxc4 Qxc4 16. Qd3 Qxd3 17. cxd3 Nd7 18. Nd5 Nf6 19. Nc7+ Kd7 20. Nxa8 Rxa8 21. Ke2 d5 22. Rac1 dxe4 23. Nc5+ Bxc5 24. Rxc5 exd3+ 25. Kxd3 Kd6 26. b4 Nd5 27. a3 Rd8 28. Ke4 Nf6+ 29. Kf3 Ke7 30. Rc7+ Kf8 31. Rgc1 Rd3+ 32. Ke2 Rxa3 33. Ra7 Ra2+ 34. Kf1 Kg8 35. Rcc7 Nh5 36. Rxf7 Rb2 37. g4 Ng3+ 38. Ke1 e4 39. Rxg7+ Kf8 40. Rgb7 1-0


[Site "https://www.chess.com"]